 Dungeon Crawl Stone Soup version 0.32-a0-132-g2d33c3cfaf (webtiles) character file.

Game seed: 9113196652443678525

129 Pooter the Chopper (level 4, -3/41 HPs)
             Began as a Minotaur Monk on Feb 9, 2024.
             Killed from afar by an orc wizard (15 damage)
             ... with a puff of flame
             ... on level 3 of the Dungeon.
             The game lasted 00:05:39 (1330 turns).

Pooter the Chopper (Minotaur Monk)                  Turns: 1330, Time: 00:05:40

Health: -3/41      AC:  3    Str: 18    XL:     4   Next: 88%
Magic:  3/3        EV: 12    Int:  7    God:
Gold:   105        SH:  5    Dex: 12    Spells: 3/3 levels left

rFire   . . .        a - +0 hand axe
rCold   . . .        d - orb {light}
rNeg    . . .        h - +0 robe
rPois   .            (helmet restricted)
rElec   .            i - +0 cloak
rCorr   .            (no gloves)
SInv    .            (no boots)
Will    .....        k - amulet of reflection
Stlth   +            (no ring)
HPRegen 0.26/turn    (no ring)
MPRegen 0.08/turn

%: reflection
@: glowing
A: horns 2, retaliatory headbutt
a: no special abilities


You were on level 3 of the Dungeon.
You visited 1 branch of the dungeon, and saw 3 of its levels.

You collected 105 gold pieces.

Inventory:

Hand Weapons
 a - a +0 hand axe (weapon)
 b - a +0 sling
   (You found it on level 2 of the Dungeon)
 o - a +0 flail
   (You took it off a gnoll on level 2 of the Dungeon)
Missiles
 j - 2 poisoned darts
 Q - 13 stones (quivered)
Armour
 d - an orb of light (worn)
 h - a +0 robe (worn)
 i - a +0 cloak (worn)
   (You found it on level 2 of the Dungeon)
Jewellery
 k - an amulet of reflection (around neck)
   (You found it on level 2 of the Dungeon)
Scrolls
 e - a scroll of identify {unknown}
 l - a scroll of teleportation {unknown}
 n - a scroll of immolation {unknown}
Potions
 c - 2 potions of ambrosia
 f - a potion of degeneration {unknown}
 g - a potion of attraction {unknown}
 m - a potion of haste {unknown}


   Skills:
 + Level 4.3 Fighting
 * Level 4.9 Axes
 + Level 1.8 Ranged Weapons
 + Level 1.5 Throwing
 - Level 3.2 Dodging
 + Level 1.2 Evocations


You had 3 spell levels left.
You didn't know any spells.
Your spell library contained the following spells:

 Spells                   Type           Power      Damage    Failure   Level
 Dazzling Flash           Conj/Hex       0%         N/A       80%         3
 Volatile Blastmotes      Fire/Tloc      0%         2d10      80%         3
 Starburst                Conj/Fire      0%         6d3       100%        6
 Maxwell's Capacitive Co  Air            0%         ∞         100%        8


Dungeon Overview and Level Annotations

Branches:
Dungeon (3/15) Zot: 16653

Altars:

Shops:
D:2 :


Innate Abilities, Weirdness & Mutations

You have a pair of horns on your head.
You reflexively headbutt those who attack you in melee.


Message History

The goblin hits you with a +0 dagger. The gnoll hits you with a +0 spear.
You climb upwards.
There is a stone staircase leading down here.
You sock the gnoll! The gnoll closely misses you. The goblin barely misses you.
You furiously retaliate!
You headbutt the goblin!
You kill the goblin!
You hit the gnoll.
You kill the gnoll!
Done exploring.
You climb downwards.
There is a stone staircase leading up here.
a - a +0 hand axe (weapon)
b - a +0 sling (weapon)
Found a scroll labelled PIHO BIROXOPN.
An orc priest comes into view. It is wielding a +0 dagger.
You see here a scroll labelled PIHO BIROXOPN.
You shoot a sling bullet.
The sling bullet hits the orc priest but does no damage.
The orc priest calls down the wrath of Beogh upon you.
Beogh smites you!
You shoot a sling bullet. The sling bullet hits the orc priest.
An orc comes into view. It is wielding a +0 hand axe.
You shoot a sling bullet. The orc shouts!
The sling bullet hits the orc priest.
You hear a shout!
You shoot a sling bullet. The sling bullet hits the orc priest.
An orc wizard comes into view. It is wielding a +0 dagger.
You shoot a sling bullet.
The sling bullet barely misses the orc priest.
The sling bullet closely misses the orc.
The orc wizard shouts!
a - a +0 hand axe (weapon)
You hit the orc priest.
You kill the orc priest! 2 orcs come into view.
The orc shouts!
The orc hits you with a +0 hand axe.
Things that are here:
a +0 dagger; an orc corpse You hit the orc.
You headbutt the orc.
You kill the orc!
The orc wizard points at you and mumbles some strange words.
The magic dart hits you. The orc wizard casts a spell at you.
The puff of flame hits you!
* * * LOW HITPOINT WARNING * * *
The orc wizard casts a spell at you. The puff of flame hits you!
You die...

###### ###......
#....o.. ##.....##
#.......##
###.....o...
#######..?))o.?.#
##............#..#
.......<.@.......#
##.#####......#..#
#...?..# .#
######.# # .# .#


You could see an orc wizard and 2 orcs.

Vanquished Creatures
  An orc priest (D:3)
  3 gnolls (D:2)
  3 adders (D:2)
  3 dart slugs
  A ribbon worm (D:2)
  An orc (D:3)
  2 endoplasms (D:1)
  A giant cockroach (D:1)
  2 goblins (D:2)
  A hobgoblin (D:2)
  3 quokkas (D:1)
  8 ball pythons
  3 frilled lizards
  5 kobolds
  3 rats
40 creatures vanquished.

Notes
Turn   | Place    | Note
-------+----------+-------------------------------------------
     0 | D:1      | Pooter the Minotaur Monk began the quest for the Orb.
     0 | D:1      | Reached XP level 1. HP: 19/19 MP: 0/0
   201 | D:1      | Reached XP level 2. HP: 27/27 MP: 1/1
   640 | D:2      | Reached skill level 1 in Ranged Weapons
   640 | D:2      | Reached XP level 3. HP: 33/33 MP: 2/2
   649 | D:2      | Reached skill level 1 in Throwing
   751 | D:2      | Found Fuor's Book Shop.
   925 | D:2      | Reached skill level 1 in Evocations
  1241 | D:2      | Reached XP level 4. HP: 32/40 MP: 3/3
  1330 | D:3      | Killed from afar by an orc wizard

Illustrated notes

Levels and vault maps discovered:
D:1:      lightli_arrival_windingriver, layout_rooms, minmay_misc_feat_roman
D:2:      layout_basic, serial_shops, nicolae_book_shop_shelving
D:3:      layout_loops_ring, grunt_gozag_breadcrumbs, uniq_crazy_yiuf_cottage,
          uniq_jessica

Skill      XL: |  1  2  3 |
---------------+----------+-----
Axes           | 4 |  4.9
Ranged Weapons | 1 |  1.8
Fighting       | 4 |  4.3
Throwing       | 1 |  1.5
Evocations     | 1 |  1.2
Dodging        | |  3.2

Action                     |  1- 3 |  4- 6 || total
---------------------------+-------+-------++-------
  Melee: Hand axe          |    39 |     4 ||    43
         Headbutt          |     7 |     3 ||    10
         Flail             |       |     2 ||     2
   Fire: Sling             |    20 |     5 ||    25
  Throw: Stone             |     1 |       ||     1
 Armour: Robe              |    21 |     8 ||    29
  Dodge: Dodged            |    22 |     6 ||    28

Table legend: (Time is in decaauts)
 A = Elapsed time spent in this place.
 B = Non-inter-level travel time spent in this place.
 C = Inter-level travel time spent in this place.
 D = Time resting spent in this place.
 E = Time spent auto-exploring this place.
 F = Levels seen in this place.
 G = Mean time per level.
                   A        B        C        D        E       F      G
               +--------+--------+--------+--------+--------+-----+--------+
         Total |   1345 |   1290 |     55 |     56 |    987 |   3 |  448.3 |
       Dungeon |   1345 |   1290 |     55 |     56 |    987 |   3 |  448.3 |
               +--------+--------+--------+--------+--------+-----+--------+

Top non-repeatable levels by time:
     D:2: 776 daAuts
     D:1: 544 daAuts
     D:3: 24 daAuts
